 Dungeon Crawl Stone Soup version 0.30-b1-2-g02819fbbbe (webtiles) character file.

Game seed: 14854585331489225621

81 maniek23 the Skirmisher (level 4, -3/38 HPs)
             Began as a Gnoll Hunter on July 25, 2023.
             Killed from afar by Sigmund (7 damage)
             ... with a puff of flame
             ... on level 2 of the Dungeon.
             The game lasted 00:04:56 (1102 turns).

maniek23 the Skirmisher (Gnoll Hunter)              Turns: 1102, Time: 00:04:57

Health: -3/38      AC:  3    Str: 10    XL:     4   Next: 42%
Magic:  5/5        EV: 13    Int:  9    God:
Gold:   81         SH:  0    Dex: 17    Spells: 5/5 levels left

rFire   . . .        b - +0 mace
rCold   . . .        (no shield)
rNeg    . . .        c - +0 leather armour
rPois   .            (no helmet)
rElec   .            (no cloak)
rCorr   .            (no gloves)
SInv    .            (no boots)
Will    .....        (no amulet)
Stlth   ++           (no ring)
HPRegen 0.26/turn    (no ring)
MPRegen 0.09/turn

%: no passive effects
@: no status effects
A: fangs 1, strong nose, distributed training
a: no special abilities


You were on level 2 of the Dungeon.
You visited 1 branch of the dungeon, and saw 3 of its levels.

You collected 81 gold pieces.

Inventory:

Hand Weapons
 a - a +0 shortbow
 b - a +0 mace (weapon)
Armour
 c - a +0 leather armour (worn)
Magical Staves
 i - a staff of death
Scrolls
 d - 2 scrolls of teleportation {unknown}
 e - 2 scrolls of amnesia {unknown}
 j - a scroll of immolation
 l - a scroll of identify {unknown}
 n - a scroll of fog {unknown}
 p - a scroll of poison {unknown}
Potions
 f - a potion of degeneration {unknown}
 g - a potion of magic {unknown}
 h - a potion of flight {unknown}
 k - a potion of brilliance {unknown}
 m - a potion of heal wounds {unknown}
 o - a potion of berserk rage {unknown}


   Skills:
 + Level 4.6 Fighting
 + Level 1.2 Short Blades
 + Level 1.2 Long Blades
 + Level 1.2 Axes
 + Level 1.2 Maces & Flails
 + Level 1.2 Polearms
 + Level 1.2 Staves
 + Level 8.6 Ranged Weapons
 + Level 1.2 Throwing
 + Level 1.2 Armour
 + Level 4.6 Dodging
 + Level 2.6 Stealth
 + Level 1.2 Shields
 + Level 1.2 Unarmed Combat
 + Level 1.2 Spellcasting
 + Level 1.0 Conjurations
 + Level 1.0 Hexes
 + Level 1.0 Summonings
 + Level 1.0 Necromancy
 + Level 1.0 Translocations
 + Level 1.0 Transmutations
 + Level 1.0 Fire Magic
 + Level 1.0 Ice Magic
 + Level 1.0 Air Magic
 + Level 1.0 Earth Magic
 + Level 1.0 Poison Magic
 + Level 1.3 Invocations
 + Level 1.2 Evocations


You had 5 spell levels left.
You didn't know any spells.
Your spell library was empty.

Dungeon Overview and Level Annotations

Branches:
Dungeon (3/15)

Altars:

Shops:
D:1 *

Annotations:
D:2 Sigmund, Terence


Innate Abilities, Weirdness & Mutations

You have very sharp teeth.
Your uncanny sense of smell can sniff out nearby items.
Your experience applies equally to all skills.


Message History

You kill the kobold!
Found a dagger.
Sigmund and a hobgoblin come into view.
Sigmund is wielding a +0 scythe and carrying a wand of flame (21).
You shoot an arrow. The arrow hits the hobgoblin.
The hobgoblin shouts!
The hobgoblin is moderately wounded.
Sigmund shouts!
You shoot an arrow. The arrow barely misses Sigmund.
You shoot an arrow.
The arrow hits the hobgoblin but does no damage.
The hobgoblin is moderately wounded.
You shoot an arrow.
The arrow hits the hobgoblin but does no damage.
The hobgoblin is moderately wounded.
The hobgoblin attacks as you move away!
The hobgoblin hits you but does no damage.
Sigmund gestures wildly while chanting.
Sigmund flickers and vanishes!
Deactivating autopickup; reactivate with Ctrl-A.
The hobgoblin attacks as you move away!
The hobgoblin hits you but does no damage.
The hobgoblin attacks as you move away! The hobgoblin hits you.
The hobgoblin attacks as you move away! The hobgoblin closely misses you.
The hobgoblin attacks as you move away! The hobgoblin completely misses you.
b - a +0 mace (weapon)
You hit the hobgoblin.
You kill the hobgoblin!
You are confused.
A magic dart appears from out of thin air!
The magic dart hits you.
You're too confused to move!
Something hits you! Something hits you! Something hits you!
* * * LOW HITPOINT WARNING * * *
You feel less confused.
You hear a zap.
A puff of flame appears from out of thin air!
The puff of flame hits you!
You die...

##..##.........#####
##.##......#......#
#.##......###.....
#.........###.##..
###.......#.......
#######.......#.##.#.#
#...............##.#.@
#.......).......w..###
#....@........#.####
#.............#.## #
#.<........#.....### #
#####{##..##.#.......# #
##......#(..#.#.##@##.###
##........##.....##.##..##
#..........####...#>.##...
#..........# #....#...#..
#..........# ##...#.....#


There were no monsters in sight!

Vanquished Creatures
  A hound (D:3)
  2 adders (D:2)
  A dart slug (D:2)
  4 endoplasms
  2 goblins (D:1)
  4 hobgoblins
  4 kobolds
  3 quokkas (D:1)
  A ball python (D:1)
  3 bats
  A frilled lizard (D:1)
  4 rats (D:1)
30 creatures vanquished.

Notes
Turn   | Place    | Note
-------+----------+-------------------------------------------
     0 | D:1      | maniek23 the Gnoll Hunter began the quest for the Orb.
     0 | D:1      | Reached XP level 1. HP: 20/20 MP: 1/1
   144 | D:1      | Found Nuoras's General Store.
   182 | D:1      | Reached XP level 2. HP: 26/26 MP: 2/2
   659 | D:2      | Noticed Terence
   695 | D:2      | HP: 1/26 [hobgoblin (3)]
   809 | D:3      | Reached XP level 3. HP: 31/31 MP: 3/3
   850 | D:3      | Reached skill level 1 in Short Blades
   850 | D:3      | Reached skill level 1 in Long Blades
   850 | D:3      | Reached skill level 1 in Axes
   850 | D:3      | Reached skill level 1 in Maces & Flails
   850 | D:3      | Reached skill level 1 in Polearms
   850 | D:3      | Reached skill level 1 in Staves
   850 | D:3      | Reached skill level 1 in Throwing
   850 | D:3      | Reached skill level 1 in Armour
   850 | D:3      | Reached skill level 1 in Shields
   850 | D:3      | Reached skill level 1 in Unarmed Combat
   850 | D:3      | Reached skill level 1 in Spellcasting
   850 | D:3      | Reached skill level 1 in Invocations
   850 | D:3      | Reached skill level 1 in Evocations
   906 | D:2      | Reached XP level 4. HP: 38/38 MP: 5/5
   968 | D:2      | Reached skill level 1 in Conjurations
   968 | D:2      | Reached skill level 1 in Hexes
   968 | D:2      | Reached skill level 1 in Summonings
   968 | D:2      | Reached skill level 1 in Necromancy
   968 | D:2      | Reached skill level 1 in Translocations
   968 | D:2      | Reached skill level 1 in Transmutations
   968 | D:2      | Reached skill level 1 in Fire Magic
   968 | D:2      | Reached skill level 1 in Ice Magic
   968 | D:2      | Reached skill level 1 in Air Magic
   968 | D:2      | Reached skill level 1 in Earth Magic
   968 | D:2      | Reached skill level 1 in Poison Magic
  1075 | D:2      | Noticed Sigmund
  1102 | D:2      | Killed from afar by Sigmund

Illustrated notes

Levels and vault maps discovered:
D:1:      minmay_arrival_pointy, layout_loops_ring, serial_shops, shop
D:2:      layout_rooms, uniq_terence, uniq_sigmund
D:3:      layout_rooms, mainiacjoe_overflow_alcove_4, serial_shops, shop,
          columned_hall_lemuel, minivault_23, nicolae_elevator_lobby_asterisk

Skill      XL: |  1  2  3  4 |
---------------+-------------+-----
Short Blades   | 1 |  1.2
Long Blades    | 1 |  1.2
Axes           | 1 |  1.2
Maces & Flails | 1 |  1.2
Polearms       | 1 |  1.2
Staves         | 1 |  1.2
Throwing       | 1 |  1.2
Armour         | 1 |  1.2
Shields        | 1 |  1.2
Unarmed Combat | 1 |  1.2
Spellcasting   | 1 |  1.2
Invocations    | 1 |  1.3
Evocations     | 1 |  1.2
Conjurations   | 1 |  1.0
Hexes          | 1 |  1.0
Summonings     | 1 |  1.0
Necromancy     | 1 |  1.0
Translocations | 1 |  1.0
Transmutations | 1 |  1.0
Fire Magic     | 1 |  1.0
Ice Magic      | 1 |  1.0
Air Magic      | 1 |  1.0
Earth Magic    | 1 |  1.0
Poison Magic   | 1 |  1.0
Fighting       | |  4.6
Ranged Weapons | |  8.6
Dodging        | |  4.6
Stealth        | |  2.6

Action                     |  1- 3 |  4- 6 || total
---------------------------+-------+-------++-------
  Melee: Mace              |    19 |     1 ||    20
         Bite              |     1 |       ||     1
   Fire: Shortbow          |    56 |    19 ||    75
 Armour: Leather armour    |    11 |     3 ||    14
  Dodge: Dodged            |    33 |    10 ||    43
